 Dungeon Crawl Stone Soup version 0.28.0-47-ge53b351184 (webtiles) character file.

Game seed: 18124814040750912209

5737 Mattiprrivan the Thrower (level 10, -9/66 HPs)
             Began as a Tengu Chaos Knight on Apr 30, 2022.
             Was a Plaything of Xom.
             Killed from afar by an acid dragon (25 damage)
             ... with a splash of acid
             ... on level 7 of the Dungeon.
             The game lasted 00:31:54 (7026 turns).

Mattiprrivan the Thrower (Tengu Chaos Knight)       Turns: 7026, Time: 00:31:55

Health: -9/66      AC: 13    Str: 19    XL:     10   Next: 77%
Magic:  11/11      EV: 14    Int: 11    God:    Xom [....*.]
Gold:   318        SH: 10    Dex: 13    Spells: 9/9 levels left

rFire   . . .      SeeInvis +   a - +2 falchion (chaos)
rCold   + . .      Faith    .   o - +0 buckler
rNeg    . . .      Spirit   .   n - +11 scale mail of Eteryts {Str+4}
rPois   .          Reflect  +   h - +1 hat
rElec   .          Harm     .   q - +1 cloak
rCorr   .          Rampage  .   (no gloves)
Will    .....                   (boots unavailable)
Stlth   ++........              m - amulet of reflection
HPRegen 0.21/turn               d - ring of protection from cold
MPRegen 0.12/turn               g - ring of see invisible

@: corroded, flying quickly and evasively, quick
A: beak, talons 3, nimble flight, clumsy 1, dopey 1, robust 1, screaming 1,
sturdy frame 1
a: Renounce Religion


You were on level 7 of the Dungeon.
You worshipped Xom.
You were a beloved toy of Xom.
You visited 1 branch of the dungeon, and saw 8 of its levels.

You collected 318 gold pieces.

Inventory:

Hand Weapons
 a - a +2 falchion of chaos (weapon)
 p - a +4 scimitar of freezing
Missiles
 c - a boomerang (quivered)
 e - 5 throwing nets
 s - 3 poisoned darts
Armour
 h - a +1 hat (worn)
 n - the +11 scale mail of Eteryts (worn) {Str+4}
   (You found it on level 6 of the Dungeon)

   Str:       It affects your strength (+4).
 o - a +0 buckler (worn)
 q - a +1 cloak (worn)
Jewellery
 b - a ring of positive energy
 d - a ring of protection from cold (left hand)
 g - a ring of see invisible (right hand)
 m - an amulet of reflection (around neck)
Wands
 j - a wand of acid (21)
 l - a wand of iceblast (20)
Scrolls
 f - a scroll of immolation
 i - 2 scrolls of teleportation
 k - 2 scrolls of identify
 r - a scroll of amnesia


   Skills:
 * Level 5.6 Fighting
 * Level 7.7 Long Blades
 * Level 8.2 Throwing
 * Level 5.6 Armour
 * Level 5.0 Dodging
 * Level 4.8 Stealth
 * Level 3.4 Shields
 * Level 5.0 Unarmed Combat
 * Level 3.8 Evocations


You had 9 spell levels left.
You didn't know any spells.
Your spell library contained the following spells:

 Spells                   Type           Power      Damage    Failure   Level
 Shock                    Conj/Air       0%         1d3       65%         1
 Swiftness                Air            0%         N/A       95%         3
 Airstrike                Air            0%         N/A       100%        4


Dungeon Overview and Level Annotations

Branches:
Dungeon (8/15)             Temple (0/1) D:5
   Lair: D:8-11

Altars:
Ashenzari
Xom
Yredelemnul

Shops:
D:7 :


Innate Abilities, Weirdness & Mutations

You have a beak for a mouth.
You have claws for feet.
Your magical nature lets you fly swiftly and evasively.
You are clumsy. (Dex -2)
You are dopey. (Int -2)
You are robust. (+10% HP)
You occasionally shout uncontrollably at your foes.
Your movements are slightly less encumbered by armour. (ER -2)


Message History

The unseen horror barely misses you.
Xom titters.
The yak looks rather confused.
You feel a bit more experienced.
Your Dodging skill increases to level 5!
Your Unarmed Combat skill increases to level 5!
You hit the yak. Lightning courses through the yak! You peck the yak.
The yak is almost dead.
You closely miss the acid dragon. You claw the acid dragon!
The acid dragon is moderately wounded.
The acid dragon barely misses you. You block the acid dragon's attack.
You hit the acid dragon but do no damage.
Your kick misses the acid dragon.
The acid dragon is moderately wounded.
The acid dragon barely misses you.
The acid dragon claws you but does no damage.
You hit the acid dragon. You burn the acid dragon.
The acid dragon is heavily wounded.
The acid dragon spits acid at you. The splash of acid hits you!!
The acid corrodes you!
You hit the acid dragon but do no damage.
You claw the acid dragon, but do no damage.
The acid dragon is heavily wounded.
The yak seems less confused.
You block the acid dragon's attack. The acid dragon misses you.
You hit the acid dragon but do no damage.
The acid dragon seems to grow stronger.
You peck the acid dragon, but do no damage.
The acid dragon is heavily wounded.
The acid dragon bites you!
* * * LOW HITPOINT WARNING * * *
The acid dragon barely misses you.
You hit the acid dragon.
The acid dragon is heavily wounded.
The acid dragon closely misses you. You block the acid dragon's attack.
You hit the acid dragon but do no damage.
You claw the acid dragon, but do no damage.
The acid dragon is heavily wounded.
The acid dragon spits acid at you. The splash of acid hits you!!
You die...

#.......... J x #...
#........ ########..
#..⌠.⌠. #.....###. ....D
#####.######
###†####(.......[##
#.....######.######
#...#.#...........# #.
#D###..#####)#####)
#..#.@#..#...........#
.##..#.....######.######
.....########........(##
#..........#####.#####.
#.........##.....##..
#.........#######..#
##...####.........##
##'## ####..##### #.#
##.#


You could see an acid dragon (strong, catching breath).

Vanquished Creatures
  Harold (D:7)
  A deep elf pyromancer (D:7)
  2 unseen horrors (D:7)
  A kobold demonologist (D:7)
  A troll (D:7)
  A slime creature (D:7)
  A shadow (D:7)
  A yak (D:7)
  A steam dragon (D:7)
  An orc warrior (D:7)
  An ice beast (D:7)
  5 black bears
  3 necrophages
  A hornet zombie (D:7)
  4 sky beasts (D:7)
  2 ogres
  3 centaurs (D:7)
  A water moccasin zombie (D:5)
  A bullfrog (D:6)
  2 scorpions
  2 water moccasin skeletons
  A killer bee (D:7)
  8 wights
  A howler monkey (D:7)
  A centaur zombie (D:7)
  2 hounds (D:6)
  2 jellies
  2 orc priests (D:7)
  2 centaur skeletons
  3 iguanas
  A howler monkey zombie (D:7)
  11 gnolls
  6 adders
  3 ufetubi
  2 adder skeletons
  4 worms
  3 dart slugs
  9 orcs
  5 endoplasms
  6 hobgoblins
  3 jackals (D:3)
  11 kobolds
  4 quokkas
  7 ball pythons
  3 bats
  3 frilled lizards
  10 goblins
  7 rats
156 creatures vanquished.

Vanquished Creatures (others)
  A sky beast (D:7)
  A plant (D:3)
2 creatures vanquished.

Grand Total: 158 creatures vanquished

Notes
Turn   | Place    | Note
-------+----------+-------------------------------------------
     0 | D:1      | Mattiprrivan the Tengu Chaos Knight began the quest for the
                  | Orb.
     0 | D:1      | Reached XP level 1. HP: 14/14 MP: 2/2
   158 | D:1      | XOM: silly message
   197 | D:1      | Reached XP level 2. HP: 19/19 MP: 3/3
   210 | D:1      | XOM: give mutations
   210 | D:1      | Gained mutation: You are dopey. (Int -2) [Xom's mischief]
   210 | D:1      | Gained mutation: You are very dopey. (Int -4) [Xom's
                  | mischief]
   210 | D:1      | Lost mutation: You are very dopey. (Int -4) [Xom's
                  | mischief]
   539 | D:1      | XOM: silly message
   557 | D:1      | Reached XP level 3. HP: 20/23 MP: 4/4
  1202 | D:2      | XOM: scenery: create altars
  1361 | D:2      | Reached skill level 1 in Stealth
  1414 | D:2      | Reached XP level 4. HP: 28/28 MP: 5/5
  1796 | D:2      | XOM: scenery: 2 doors close
  2155 | D:3      | Reached skill level 1 in Unarmed Combat
  2339 | D:3      | Found a faded altar of an unknown god.
  2419 | D:3      | Reached skill level 1 in Throwing
  2465 | D:3      | XOM: give mutations
  2465 | D:3      | Gained mutation: You are clumsy. (Dex -2) [Xom's mischief]
  2465 | D:3      | Gained mutation: You are robust. (+10% HP) [Xom's mischief]
  2465 | D:3      | Gained mutation: You occasionally shout uncontrollably at
                  | your foes. [Xom's mischief]
  2465 | D:3      | Gained mutation: Your movements are slightly less
                  | encumbered by armour. (ER -2) [Xom's mischief]
  2652 | D:4      | Noticed a necrophage
  2662 | D:4      | XOM: enchant monster (good)
  2663 | D:4      | Killed a necrophage
  2664 | D:4      | Reached skill level 2 in Throwing
  2664 | D:4      | Gained mutation: Your magical nature lets you fly swiftly
                  | and evasively. [Tengu growth]
  2664 | D:4      | Reached XP level 5. HP: 17/35 MP: 6/6
  2863 | D:4      | Noticed an ogre
  2871 | D:4      | Killed an ogre
  2872 | D:4      | Reached XP level 6. HP: 41/41 MP: 7/7
  2918 | D:4      | Found a broken altar of Ashenzari.
  2918 | D:4      | XOM: 6-stop teleportation journey
  2934 | D:4      | Reached skill level 3 in Throwing
  3140 | D:4      | Reached XP level 7. HP: 34/46 MP: 8/8
  3677 | D:4      | Reached skill level 5 in Long Blades
  3677 | D:4      | Reached skill level 4 in Throwing
  3795 | D:4      | XOM: silly message
  3889 | D:5      | Entered Level 5 of the Dungeon
  3941 | D:5      | XOM: 1-stop teleportation journey
  3942 | D:5      | You are sucked into a shaft and drop 3 floors!
  4109 | D:6      | XOM: summons 1 hostile shadow creature
  4181 | D:6      | Identified the +11 scale mail of Eteryts {Str+4}
  4297 | D:5      | XOM: noise
  4304 | D:5      | XOM: chaos upgrade
  4309 | D:5      | Reached skill level 1 in Evocations
  4309 | D:5      | Reached XP level 8. HP: 46/52 MP: 9/9
  4384 | D:5      | Reached skill level 5 in Throwing
  4423 | D:5      | XOM: summons 2 friendly demons
  4425 | D:5      | XOM: noise
  4577 | D:5      | XOM: silly message
  4671 | D:5      | XOM: silly message
  4737 | D:5      | XOM: 2-stop teleportation journey
  4946 | D:5      | Found a staircase to the Ecumenical Temple.
  5007 | D:6      | Identified the +1 robe "Jaanirot" {rElec rF+ SInv Archmagi}
  5441 | D:7      | XOM: silly message
  5454 | D:7      | Reached skill level 6 in Throwing
  5454 | D:7      | Reached XP level 9. HP: 57/57 MP: 10/10
  5468 | D:7      | XOM: noise
  5513 | D:7      | Found Fuvoetag's Book Shop.
  5582 | D:7      | Reached skill level 1 in Shields
  5643 | D:7      | XOM: 1-stop teleportation journey
  6000 | D:7      | Noticed Harold
  6005 | D:7      | XOM: cast spell 'Olgreb's Toxic Radiance'
  6012 | D:7      | XOM: noise
  6020 | D:7      | Killed Harold
  6021 | D:7      | Reached skill level 7 in Throwing
  6023 | D:7      | Reached skill level 5 in Fighting
  6024 | D:7      | HP: 2/59 [poisoned by Harold]
  6233 | D:7      | Reached skill level 5 in Armour
  6233 | D:7      | Reached XP level 10. HP: 44/64 MP: 11/11
  6445 | D:7      | Noticed a kobold demonologist
  6446 | D:7      | XOM: confuse monster(s)
  6459 | D:7      | Killed a kobold demonologist
  6470 | D:7      | XOM: silly message
  6488 | D:7      | XOM: scenery: summon butterflies
  6549 | D:7      | Noticed a deep elf pyromancer
  6570 | D:7      | XOM: enchant monster (bad)
  6574 | D:7      | Reached skill level 8 in Throwing
  6608 | D:7      | Noticed an unseen horror
  6621 | D:7      | Killed an unseen horror
  6626 | D:7      | XOM: enchant monster (bad)
  6632 | D:7      | XOM: divination: detect creatures
  6633 | D:7      | Killed a deep elf pyromancer
  6738 | D:7      | XOM: cloud trail
  7003 | D:7      | Found a shimmering altar of Xom.
  7005 | D:7      | Found a basalt altar of Yredelemnul.
  7006 | D:7      | Noticed an unseen horror
  7013 | D:7      | XOM: confuse monster(s)
  7013 | D:7      | Killed an unseen horror
  7014 | D:7      | Reached skill level 5 in Dodging
  7014 | D:7      | Reached skill level 5 in Unarmed Combat
  7026 | D:7      | Killed from afar by an acid dragon

Illustrated notes

Levels and vault maps discovered:
D:1:      dpeg_arrival_snail, layout_basic
D:2:      layout_loops_corners, hangedman_decor_push
D:3:      layout_loops_ring, shapermc_ecumenical_altar_flowoftime
D:4:      nicolae_BIG_FREAKIN_CUBE, layout_loops_cross, general_overflow_altar,
          kennysheep_cluttered_room
D:5:      nicolae_cairo_tiling, layout_cave_pools, temple_green,
          nicolae_figureground_pulse
D:6:      layout_basic, minmay_misc_feat_five
D:7:      minmay_the_grid_octo_tiled_squarecenter [minmay_the_grid_octo_clover,
          minmay_the_grid_octo_teeth, minmay_the_grid_octo_shrine,
          minmay_the_grid_octo_focus,
          minmay_the_grid_square_5x5_megaprize_checkered,
          minmay_the_grid_square_5x5_pentomino_r,
          minmay_the_grid_square_5x5_bracketed, minmay_the_grid_square_5x5_bite,
          minmay_the_grid_square_5x5_hourglass], layout_loops_corners,
          serial_shops, nicolae_shop_hallway_stairs, uniq_harold
D:8:      layout_rooms, chequers_serial_rivers_room_b, solitary_fountain,
          sigmund_army

Skill      XL: |  1  2  3  4  5  6  7  8  9 10 |
---------------+-------------------------------+-----
Long Blades    | 4 5 6 7 |  7.7
Stealth        | 1 2 3 4 |  4.8
Unarmed Combat | 1 2 3 4 5 |  5.0
Throwing       | 2 3 4 6 7 8 |  8.2
Dodging        | 2 3 4 5 |  5.0
Armour         | 3 4 5 |  5.6
Fighting       | 4 5 |  5.6
Evocations     | 1 2 3 |  3.8
Shields        | 2 3 |  3.4

Action                   |  1- 3 |  4- 6 |  7- 9 | 10-12 || total
-------------------------+-------+-------+-------+-------++-------
Melee: Falchion          |    67 |    45 |   110 |   101 ||   323
       Kick              |    14 |    12 |    42 |    30 ||    98
       Peck              |     9 |     5 |    18 |    23 ||    55
       Punch             |       |     1 |       |       ||     1
Throw: Boomerang         |    22 |    76 |   145 |    19 ||   262
Evoke: Wand              |       |       |    10 |     5 ||    15
  Use: Potion            |     3 |     3 |     1 |       ||     7
       Scroll            |     1 |     6 |     6 |       ||    13
 Stab: Sleeping          |     3 |       |     3 |       ||     6
       Paralysed         |       |     1 |       |       ||     1
       Distracted        |       |       |     2 |       ||     2
       Petrifying        |       |       |       |     1 ||     1
Armor: Leather armour    |    17 |    20 |     6 |       ||    43
       Scale mail        |       |       |    49 |    32 ||    81
Dodge: Dodged            |    39 |    44 |    80 |    43 ||   206
Block: Other             |       |       |    15 |       ||    15
       Buckler           |       |       |    14 |    41 ||    55
       Reflection        |       |       |     5 |       ||     5
